 Dungeon Crawl Stone Soup version 0.27-a0-906-g0a00ce8 (webtiles) character file.

Game seed: 13370780283649126078

37 Nithhogg the Skirmisher (level 3, -1/29 HPs)
             Began as a Demonspawn Fighter on Apr 7, 2021.
             Succumbed to a goblin's poison
             ... on level 1 of the Dungeon.
             The game lasted 00:01:34 (936 turns).

Nithhogg the Skirmisher (Demonspawn Fighter)         Turns: 936, Time: 00:01:34

Health: -1/29      AC:  6    Str: 17    XL:     3   Next: 23%
Magic:  3/3        EV:  7    Int:  9    God:
Gold:   0          SH:  9    Dex: 12    Spells: 2/2 levels left

rFire    . . .     SeeInvis .   a - +0 long sword
rCold    . . .     Faith    .   c - +0 kite shield
rNeg     . . .     Spirit   .   b - +0 scale mail
rPois    .         Reflect  .   (no helmet)
rElec    .         Harm     .   (no cloak)
rCorr    .         Rampage  .   (no gloves)
Will     .....                  (no boots)
Stlth    ..........             (no amulet)
HPRegen  1.09/turn              (no ring)
MPRegen  0.08/turn              (no ring)

@: mighty, lethally poisoned (-1 -> -7)
A: powered by death 1
a: no special abilities


You were on level 1 of the Dungeon.
You visited 1 branch of the dungeon, and saw 1 of its levels.

Inventory:

Hand Weapons
 a - a +0 long sword (weapon)
Armour
 b - a +0 scale mail (worn)
 c - a +0 kite shield (worn)
Scrolls
 e - a scroll of blinking {unknown}
 f - a scroll of noise {unknown}
 g - a scroll of brand weapon {unknown}


   Skills:
 + Level 3.2 Fighting
 + Level 2.2 Long Blades
 + Level 2.9 Armour
 + Level 0.8 Dodging
 + Level 2.9 Shields
 + Level 1.3 Invocations


You had 2 spell levels left.
You didn't know any spells.
Your spell library was empty.

Dungeon Overview and Level Annotations

Branches:
Dungeon (1/15)

Altars:


Innate Abilities, Weirdness & Mutations

You regenerate a little health from kills.


Message History

No target in view!
You see here a rat corpse.
A goblin comes into view. It is wielding a +2 dagger of venom.
The goblin shouts!
A goblin is nearby!
You closely miss the goblin.
A rat comes into view.
The goblin hits you with a +2 dagger of venom.
You are poisoned.
The goblin hits you with a +2 dagger of venom.
You are more poisoned.
You hit the goblin.
The goblin is heavily wounded.
You feel very sick.
The goblin hits you with a +2 dagger of venom.
You barely miss the goblin.
The goblin is heavily wounded.
You feel very sick. You block the goblin's attack.
The goblin hits you with a +2 dagger of venom.
You are more poisoned.
You are too injured to fight recklessly!
You are too injured to fight recklessly!
You are too injured to fight recklessly!
You are too injured to fight recklessly!
You are too injured to fight recklessly!
You are too injured to fight recklessly!
You are too injured to fight recklessly!
You are too injured to fight recklessly!
You are too injured to fight recklessly!
You are too injured to fight recklessly!
You are too injured to fight recklessly!
You feel very mighty all of a sudden.
* * * LOW HITPOINT WARNING * * *
You feel very sick.
The goblin hits you with a +2 dagger of venom.
* * * LOW HITPOINT WARNING * * *
You slash the goblin!
You kill the goblin!
You die...

##.# ##.#### #..# #.# #
#.##########.## # #.#
..........# # ####.#
########..# # ..#.# #.†#
# #.#.# #..# #
##)#.#.########..# #
#r.@.#...........# #
..$...#..........###.###
....#....#.#####........
........#...............
# ######.#.######.##.###
. .. ........# #
###########


You could see a rat.

Vanquished Creatures
  A dart slug (D:1)
  An endoplasm (D:1)
  5 giant cockroaches (D:1)
  3 goblins (D:1)
  2 hobgoblins (D:1)
  7 jackals (D:1)
  3 quokkas (D:1)
  A ball python (D:1)
  3 bats (D:1)
  A frilled lizard (D:1)
  5 rats (D:1)
32 creatures vanquished.

Notes
Turn   | Place    | Note
-------+----------+-------------------------------------------
     0 | D:1      | Nithhogg the Demonspawn Fighter began the quest for the
                  | Orb.
     0 | D:1      | Reached XP level 1. HP: 18/18 MP: 1/1
    54 | D:1      | Gained mutation: You regenerate a little health from kills.
                  | [demonic ancestry]
    54 | D:1      | Reached XP level 2. HP: 11/24 MP: 2/2
   302 | D:1      | Reached skill level 1 in Invocations
   437 | D:1      | Found a faded altar of an unknown god.
   465 | D:1      | Reached XP level 3. HP: 29/29 MP: 3/3
   936 | D:1      | Succumbed to a goblin's poison

Illustrated notes

Levels and vault maps discovered:
D:1:      onia_arrival_pentagram, layout_loops_ring,
          chequers_ecumenical_altar_simple_redux

Skill      XL: |  1  2 |
---------------+-------+-----
Long Blades    | 2 |  2.2
Invocations    | 1 |  1.3
Fighting       | |  3.2
Armour         | |  2.9
Dodging        | |  0.8
Shields        | |  2.9

Action                   || total
-------------------------++-------
Melee: Long sword        ||   100
  Use: Potion            ||     1
Armor: Scale mail        ||    93
Dodge: Dodged            ||    37
Block: Kite shield       ||    72
       Rpst.: Long sword ||    14

Table legend: (Time is in decaauts)
 A = Elapsed time spent in this place.
 B = Non-inter-level travel time spent in this place.
 C = Inter-level travel time spent in this place.
 D = Time resting spent in this place.
 E = Time spent auto-exploring this place.
 F = Levels seen in this place.
 G = Mean time per level.
                   A        B        C        D        E       F      G
               +--------+--------+--------+--------+--------+-----+--------+
         Total |    990 |    990 |      0 |      0 |    745 |   1 |  990.0 |
       Dungeon |    990 |    990 |      0 |      0 |    745 |   1 |  990.0 |
               +--------+--------+--------+--------+--------+-----+--------+

Top non-repeatable levels by time:
     D:1: 990 daAuts
